 Dungeon Crawl Stone Soup version 0.19-a0-1827-g174f941 (webtiles) character file.

283136 kae the Formicid Blade (level 21, -5/179 HPs)
             Began as a Formicid Fighter on Oct 7, 2016.
             Was the Champion of Okawaru.
             Slain by a sun demon (6 damage)
             ... summoned by a deep elf demonologist
             ... on level 3 of the Elven Halls.
             The game lasted 01:11:02 (41496 turns).

kae the Formicid Blade (Formicid Fighter)          Turns: 41496, Time: 01:11:03

Health: -5/179     AC: 37    Str: 31    XL:     21   Next: 42%
Magic:  0/33       EV:  9    Int:  8    God:    Okawaru [******]
Gold:   2574       SH: 28    Dex: 20    Spells: 0 memorised, 20 levels left

rFire  + . .     SeeInvis +     a - +8 falchion "Killer Klown's Death" {slice, rF+ SInv}
rCold  . . .     Gourm    .     P - +12 crystal plate armour of Decompression {rElec MR++ Dex+3 SInv}
rNeg   . . .     Faith    .     J - +1 large shield
rPois  +         Spirit   +     (helmet unavailable)
rElec  +         Dismiss  .     W - +2 cloak
rCorr  +         Reflect  .     w - +0 pair of gloves
MR     ++++.     Harm     .     d - +0 pair of boots "Qejiexyn" {*Drain rPois Regen+ Dex+7 Stlth-}
Stlth  ..........               q - amulet of guardian spirit
                                m - ring of poison resistance
                                I - ring of resist corrosion

@: heroism
A: permanent stasis, dig shafts and tunnels, four strong arms, antennae 3
a: Dig, Shaft Self, Heroism, Finesse, Renounce Religion
}: 2/15 runes: decaying, serpentine


You were on level 3 of the Elven Halls.
You worshipped Okawaru.
Okawaru was exalted by your worship.
You were hungry.

You visited 7 branches of the dungeon, and saw 35 of its levels.
You visited the Abyss 1 time.
You also visited: Ossuary and Bailey.

You collected 3403 gold pieces.
You spent 829 gold pieces at shops.

Inventory:

Hand Weapons
 a - the +8 falchion "Killer Klown's Death" (weapon) {slice, rF+ SInv}
   (You bought it in a shop on level 11 of the Dungeon)

   It inflicts extra damage upon your enemies.
   It protects you from fire.
   It lets you see invisible.
 b - a +2 great sword of flaming
 D - the +1 triple crossbow "Agiresh" {elec, Str+4}
   (Okawaru gifted it to you on level 1 of the Elven Halls)

   It charges the ammunition it shoots with electricity; occasionally upon a
   hit, such missiles may discharge and cause terrible harm.
   It affects your strength (+4).
 Q - a +2 double sword of freezing
Armour
 d - the +0 pair of boots "Qejiexyn" (worn) {*Drain rPois Regen+ Dex+7 Stlth-}
   (Okawaru gifted it to you on level 2 of the Abyss)

   It affects your dexterity (+7).
   It protects you from poison.
   It increases your rate of regeneration.
   It causes draining when unequipped.
   It makes you less stealthy.
 i - a +2 pair of boots of flying
 w - a +0 pair of gloves (worn)
 y - the +3 pair of boots of the Villain {rC+}
   (Okawaru gifted it to you on level 4 of the Swamp)

   It protects you from cold.
 J - a +1 large shield (worn)
 N - the +10 plate armour "Unekh" {rElec rC+ Int+3}
   (Okawaru gifted it to you on level 11 of the Dungeon)

   It affects your intelligence (+3).
   It protects you from cold.
   It insulates you from electricity.
 O - a +0 shield of poison resistance
 P - the +12 crystal plate armour of Decompression (worn) {rElec MR++ Dex+3 SInv}
   (Okawaru gifted it to you on level 3 of the Elven Halls)

   It affects your dexterity (+3).
   It insulates you from electricity.
   It affects your resistance to hostile enchantments.
   It lets you see invisible.
 W - a +2 cloak (worn)
Jewellery
 c - a cursed -2 ring of intelligence {unknown}
 m - a ring of poison resistance (right hand)
 q - an amulet of guardian spirit (around neck)
 t - a +2 ring of strength
 u - an uncursed ring of positive energy
 I - a ring of resist corrosion (left hand)
 M - a +1 ring of evasion
 S - a +4 amulet of reflection
Scrolls
 j - 16 scrolls of remove curse
 k - 7 scrolls of magic mapping
 n - 5 scrolls of fear
 r - 4 scrolls of identify
 G - a scroll of amnesia
 H - 6 scrolls of fog
 U - 2 scrolls of recharging
Potions
 e - 12 potions of curing
 h - 6 potions of magic
 l - a potion of heal wounds
 p - a potion of ambrosia
 s - 3 potions of invisibility
 v - 4 potions of lignification
 x - 2 potions of cancellation
 A - 3 potions of flight
 B - 6 potions of might
 E - 3 potions of mutation
Books
 f - a book of the Warp

   Spells                             Type                      Level
   a - Gell's Gravitas                Hexes/Translocation          3
   b - Portal Projectile              Translocation                3
   c - Force Lance                    Conjuration/Translocation    4
   d - Dispersal                      Translocation                6
   e - Controlled Blink               Translocation                8
   f - Disjunction                    Translocation                8
 C - the Papyrus of Black Arts
   (You found it on level 1 of the Elven Halls)

   Spells                             Type                      Level
   a - Pain                           Necromancy                   1
   b - Control Undead                 Necromancy                   4
   c - Dispel Undead                  Necromancy                   5
   d - Death Channel                  Necromancy                   6
 L - the Reference Book on Confrontation
   (You found it on level 1 of the Elven Halls)

   Spells                             Type                      Level
   a - Sting                          Conjuration/Poison           1
   b - Magic Dart                     Conjuration                  1
   c - Throw Frost                    Conjuration/Ice              2
   d - Static Discharge               Conjuration/Air              3
   e - Fulminant Prism                Conjuration/Hexes            4
   f - Bolt of Draining               Conjuration/Necromancy       5
Comestibles
 g - 12 beef jerkies
 o - 6 bread rations
 z - 16 meat rations
 F - 2 chunks of flesh
 K - 4 slices of pizza


   Skills:
 + Level 18.9(23.9) Fighting
 * Level 21.3(26.3) Long Blades
 - Level 3.2(8.2) Armour
 + Level 18.5(23.5) Shields
 + Level 17.8 Invocations
 + Level 8.0 Evocations


You had 20 spell levels left.
You didn't know any spells.

Dungeon Overview and Level Annotations

Branches:
Dungeon (15/15)            Temple (1/1) D:5            Lair (6/6) D:9
  Swamp (4/4) Lair:2        Snake (4/4) Lair:2        Slime (0/5) Lair:6
    Orc (2/2) D:9             Elf (3/3) Orc:2        Vaults (0/5) D:13
 Depths (0/5) D:15

Altars:
Ashenzari
Cheibriados
Dithmenos
Elyvilon
Fedhas
Gozag
Hepliaklqana
Kikubaaqudgha
Makhleb
Nemelex Xobeh
Okawaru
Qazlal
Ru
Sif Muna
Trog
Uskayaw
Vehumet
Xom
Yredelemnul
Zin
The Shining One
Beogh

Shops:
D:6 *   D:8 ?   D:9 =   D:11 (:[(   Orc:2 }?(?   Elf:1 =   Elf:3 :   Snake:4 !

Annotations:
Lair:1 dobroeutro's ghost, journeyman GrFi


Innate Abilities, Weirdness & Mutations

You are under a permanent stasis effect.
You can dig through walls and to a lower floor.
Your four strong arms can wield two-handed weapons with a shield.
You have a pair of large antennae on your head. (SInv)


Message History

* * * LOW HITPOINT WARNING * * *
You are engulfed in flames!
You resist.
* * * LOW HITPOINT WARNING * * *
You dig through the rock wall.
The tormentor calls on the powers of darkness!
Your body is wracked with pain!
* * * LOW HITPOINT WARNING * * *
The deep elf demonologist convulses!
The deep elf demonologist casts a spell.
You retract your mandibles.
You are no longer corroded.
The Tzitzimitl calls on the powers of darkness!
Your body is wracked with pain!
* * * LOW HITPOINT WARNING * * *
The tormentor disappears in a puff of smoke!
The Tzitzimitl disappears in a puff of smoke!
The sun demon hits you!
* * * LOW HITPOINT WARNING * * *
You are engulfed in flames.
You resist.
You die...

#.#####.## #.# ##.............
#{## ##1## #.# ##............
...# ##.## #.# #+#####+##### ...#
##.###.# *,* *,* * (..# ##§##.#
*,* *,* * .).# ##.#)# *,* *,* **
(..# ##§.# *,*****,****, ...#
#..######...,,,,,,,,, ...#
#..3@.<....#********, ...#
#.########.# *, ...# #.# *,* #.
####* #.# *,* #. **,,** #.# #.#
#. ,{,,,* ###'## #.# #. {,,,,*
##....## #.# #. **,,,* ##......#
#.# #.
****'*###.......######.#########.


You could see a sun demon.

Vanquished Creatures
  Vashnia (Snake:2)
  A tentacled monstrosity (Swamp:2)
  A deep elf blademaster (Elf:2)
  Agnes (Snake:2)
  Gastronok (Orc:1)
  Kirke (D:12)
  2 thorn hunters
  Roxanne (Snake:2)
  Donald (Snake:1)
  2 deep elf sorcerers (Elf:3)
  8 nagarajas
  2 deep elf elementalists (Elf:3)
  The ghost of LostNumber the Fencer, a journeyman HEBe of Trog (D:10)
  A dire elephant (Lair:6)
  2 deep elf annihilators
  An ettin (D:15)
  4 deep elf death magi
  Josephine (D:12)
  A deep elf high priest (Elf:3)
  A rakshasa (D:15)
  15 naga warriors
  7 vault guards
  Erolcha (Orc:1)
  A merfolk avatar (Lair:6)
  6 anacondas
  30 hydras
  A ghost crab (Swamp:2)
  2 centaur warriors
  An ogre mage (Orc:1)
  28 dancing weapons
  10 alligators
  3 tengu warriors
  Urug (D:14)
  An orc high priest (Elf:2)
  3 death yaks (Lair:6)
  16 naga sharpshooters
  2 shock serpents
  3 spriggans
  Nergalle (D:11)
  Sonja (Lair:2)
  18 deep elf knights
  A fire crab (shapeshifter) (Elf:2)
  2 fire crabs
  A spriggan druid (Swamp:2)
  4 large abominations
  7 sea snakes
  4 unseen horrors
  A deep troll (D:15)
  Pikel (D:6)
  12 naga ritualists
  10 swamp dragons
  20 deep elf archers
  5 shambling mangroves
  3 harpies (Lair:6)
  11 mana vipers
  3 hill giants
  8 orc knights
  15 ugly things
  A necromancer (Elf:1)
  A wolf spider (D:15)
  62 deep elf magi
  5 salamanders
  3 manticores
  17 elephants
  20 naga magi
  2 guardian serpents
  36 black mambas
  A gargoyle (D:10)
  16 spiny frogs
  An apocalypse crab (Abyss:2)
  A kobold demonologist (D:11)
  3 rime drakes (Lair:6)
  A yaktaur (shapeshifter) (D:14)
  11 komodo dragons
  3 tengu conjurers
  4 trolls
  15 hornets
  4 tyrant leeches
  4 polar bears (Lair:6)
  27 slime creatures
  8 blink frogs
  A harpy skeleton (D:14)
  2 two-headed ogres (Orc:1)
  A two-headed ogre (shapeshifter) (D:13)
  14 hippogriffs
  11 bog bodies
  5 dream sheep (Lair:6)
  3 air elementals
  2 shadows
  5 wraiths
  2 water elementals
  6 wyverns
  Grum (D:9)
  3 vampires
  52 yaks
  2 hogs (D:12)
  2 humans
  A steam dragon (D:9)
  18 vampire mosquitoes
  A hungry ghost (D:14)
  A soldier ant (D:15)
  10 wargs
  A mottled dragon (D:14)
  42 nagas
  23 swamp worms
  14 insubstantial wisps
  15 water moccasins
  A floating eye (shapeshifter) (Elf:2)
  45 orc warriors
  4 porcupines
  17 swamp drakes
  3 ice beasts
  5 sky beasts
  4 slaves (D:6)
  14 ogres
  2 black bears
  2 necrophages (D:15)
  12 centaurs
  A phantom (D:6)
  22 wolves
  22 crocodiles
  5 elf zombies
  A big kobold (D:11)
  12 bullfrogs
  An earth elemental (Elf:1)
  3 wyvern skeletons
  A water moccasin skeleton (D:7)
  19 scorpions
  19 killer bees
  9 wights
  3 howler monkeys
  4 crimson imps
  7 centaur zombies
  2 starcursed masses (Orc:1)
  2 quasits
  6 hounds
  4 human zombies
  6 jellies
  A gnoll shaman (D:5)
  14 orc priests
  2 human skeletons (D:15)
  3 iron imps (D:7)
  Jessica (D:2)
  A bullfrog skeleton (D:11)
  5 centaur skeletons
  8 iguanas
  8 worker ants
  10 orc wizards
  3 big kobold zombies (Ossuary)
  2 hound zombies (D:9)
  A hound skeleton (D:6)
  3 mummies (Ossuary)
  2 howler monkey zombies
  6 gnolls
  A worker ant zombie (D:11)
  13 adders
  A howler monkey skeleton (D:9)
  3 scorpion zombies (Ossuary)
  3 shadow imps
  A white imp (Abyss:2)
  2 adder zombies
  An adder skeleton (D:7)
  2 dart slugs
  4 worms
  4 leopard geckos
  112 orcs
  A ball python (D:7)
  14 bats
  3 giant cockroaches
  4 gnoll zombies (Ossuary)
  15 goblins
  8 hobgoblins
  4 jackals (D:3)
  9 kobolds
  7 quokkas
  2 frilled lizards
  A hobgoblin zombie (Ossuary)
  A jackal zombie (D:7)
  2 kobold zombies (Ossuary)
  3 orc zombies
  6 rats
  2 crawling corpses (Elf:3)
  3 fungi
1337 creatures vanquished.

Vanquished Creatures (others)
  A naga warrior (Snake:4)
  2 deep elf knights
  A deep elf mage (Elf:1)
  A hornet (Swamp:4)
  A spriggan (Swamp:4)
  A naga (Snake:3)
  A big kobold (D:12)
  A scorpion zombie (Ossuary)
  An orc (Elf:2)
  3 kobolds (D:12)
  A briar patch (Swamp:2)
  16 fungi
  35 plants
65 creatures vanquished.

Grand Total: 1402 creatures vanquished

Notes
Turn   | Place    | Note
-------+----------+-------------------------------------------
     0 | D:1      | kae the Formicid Fighter began the quest for the Orb.
     0 | D:1      | Reached XP level 1. HP: 18/18 MP: 1/1
    54 | D:1      | Reached XP level 2. HP: 21/24 MP: 2/2
   380 | D:1      | Reached XP level 3. HP: 29/29 MP: 3/3
   491 | D:1      | Found a sparkling altar of Nemelex Xobeh.
   866 | D:2      | Noticed Jessica
   870 | D:2      | Killed Jessica
   870 | D:2      | Reached skill level 3 in Long Blades
   870 | D:2      | Reached XP level 4. HP: 34/37 MP: 4/4
  1458 | D:3      | Found a deep blue altar of Sif Muna.
  1535 | D:3      | Reached XP level 5. HP: 34/42 MP: 5/5
  1608 | D:3      | Found a glowing golden altar of the Shining One.
  1803 | D:3      | Found a shadowy altar of Dithmenos.
  1869 | D:3      | Reached skill level 4 in Long Blades
  2228 | D:4      | Reached XP level 6. HP: 47/49 MP: 6/6
  2234 | D:4      | Reached skill level 5 in Shields
  2417 | D:4      | Reached skill level 5 in Long Blades
  2417 | D:4      | Reached XP level 7. HP: 51/55 MP: 7/7
  2472 | D:4      | Reached skill level 5 in Fighting
  2496 | D:4      | Found a hide-covered altar of Uskayaw.
  2854 | D:5      | Entered Level 5 of the Dungeon
  3100 | D:5      | Found a sand-covered staircase.
  3133 | Ossuary  | Entered an ossuary
  3386 | Ossuary  | Reached skill level 6 in Long Blades
  3386 | Ossuary  | Reached XP level 8. HP: 63/64 MP: 8/8
  3644 | Ossuary  | Reached skill level 7 in Long Blades
  3814 | D:5      | Found a staircase to the Ecumenical Temple.
  3879 | Temple   | Entered the Ecumenical Temple
  3883 | Temple   | Became a worshipper of Warmaster Okawaru
  4085 | D:5      | Reached XP level 9. HP: 71/71 MP: 9/9
  4578 | D:6      | Noticed Pikel
  4591 | D:6      | Reached skill level 8 in Long Blades
  4591 | D:6      | Reached skill level 1 in Invocations
  4616 | D:6      | Killed Pikel
  4761 | D:6      | Found Hojosk's Elemental Accessories.
  4886 | D:6      | Reached * piety under Okawaru
  5569 | D:7      | Reached skill level 9 in Long Blades
  5738 | D:7      | Reached XP level 10. HP: 80/80 MP: 12/12
  6116 | D:7      | Found a blossoming altar of Fedhas.
  6117 | D:7      | Found a shattered altar of Ashenzari.
  6147 | D:7      | Found a burning altar of Makhleb.
  6247 | D:8      | Reached ** piety under Okawaru
  6307 | D:8      | Found a shadowy altar of Dithmenos.
  6598 | D:8      | Reached skill level 10 in Long Blades
  6947 | D:8      | Reached skill level 5 in Invocations
  6955 | D:8      | Found Voyv's Magic Scroll Shop.
  6959 | D:8      | Bought a scroll of identify for 26 gold pieces
  6959 | D:8      | Bought a scroll of identify for 26 gold pieces
  6959 | D:8      | Bought a scroll of enchant armour for 97 gold pieces
  6967 | D:8      | Got a steaming chain mail
  6978 | D:8      | Identified the +4 chain mail of Blue Skies {rElec rF+} (You found it on level 8 of the Dungeon)
  7057 | D:8      | Reached *** piety under Okawaru
  7450 | D:9      | Noticed Grum
  7485 | D:9      | Killed Grum
  7492 | D:9      | Reached XP level 11. HP: 86/87 MP: 15/15
  7641 | D:9      | Reached **** piety under Okawaru
  7687 | D:9      | Noticed an elephant
  7704 | D:9      | Killed an elephant
  7704 | D:9      | Reached skill level 11 in Long Blades
  7707 | D:9      | Found a staircase to the Lair.
  7771 | D:7      | Reached skill level 10 in Shields
  8256 | D:9      | Found Teifa's Jewellery Shop.
  8273 | D:9      | Bought a cursed amulet of inaccuracy for 24 gold pieces
  8289 | D:9      | Found a staircase to the Orcish Mines.
  8553 | D:9      | Found an opulent altar of Gozag.
  8607 | Lair:1   | Entered Level 1 of the Lair of Beasts
  8614 | D:9      | Reached ***** piety under Okawaru
  8971 | Lair:1   | Noticed an eight-headed hydra
  9148 | Lair:1   | Noticed dobroeutro's ghost (journeyman GrFi)
  9754 | Lair:1   | HP: 2/89 [dobroeutro's ghost (13)]
 10457 | D:9      | You fall through a shaft for 2 floors!
 10509 | D:11     | Received a gift from Okawaru
 10530 | D:11     | Got a jewelled plate armour {god gift}
 10541 | D:11     | Identified the +10 plate armour "Unekh" {rElec rC+ Int+3} (Okawaru gifted it to you on level 11 of the Dungeon)
 10554 | D:11     | Noticed an unseen horror
 10577 | D:11     | Killed an unseen horror
 10605 | D:11     | Found Pomit's Antique Weapon Boutique.
 10674 | D:11     | Bought a faintly glowing falchion for 216 gold pieces
 10674 | D:11     | Identified the +8 falchion "Killer Klown's Death" {slice, rF+ SInv} (You bought it in a shop on level 11 of the Dungeon)
 10676 | D:11     | Found Zeaq's Armour Shoppe.
 10695 | D:11     | Found a flagged portal.
 10710 | Bailey   | Entered a bailey
 10928 | Bailey   | Reached XP level 12. HP: 82/97 MP: 17/17
 10958 | Bailey   | Reached skill level 12 in Long Blades
 11418 | D:11     | Reached skill level 10 in Fighting
 11431 | D:11     | Found Yddarchu's Book Shop.
 11453 | D:11     | Noticed a sixfirhy
 11477 | D:11     | Noticed Nergalle
 11492 | D:11     | Killed Nergalle
 11505 | D:11     | Found Hosac's Antique Weapon Boutique.
 11766 | D:10     | Entered Level 10 of the Dungeon
 11829 | D:10     | Noticed an unseen horror
 11845 | D:10     | Killed an unseen horror
 11916 | D:10     | Noticed LostNumber's ghost (journeyman HEBe)
 12824 | D:10     | Killed LostNumber's ghost
 13881 | Lair:2   | Noticed a six-headed hydra
 14074 | Lair:2   | Reached skill level 13 in Long Blades
 14161 | Lair:2   | Found a staircase to the Swamp.
 14167 | Lair:2   | Found a staircase to the Snake Pit.
 14224 | Lair:2   | You fall through a shaft!
 14653 | Lair:3   | Found a shimmering altar of Xom.
 14661 | Lair:3   | Reached XP level 13. HP: 106/106 MP: 19/19
 15286 | Lair:4   | Noticed a seven-headed hydra
 15293 | Lair:4   | Noticed a five-headed hydra
 15572 | Lair:4   | Received a gift from Okawaru
 15606 | Lair:4   | Reached skill level 10 in Invocations
 16041 | Lair:4   | Reached skill level 14 in Long Blades
 16099 | Lair:4   | You fall through a shaft!
 16868 | Lair:6   | Entered Level 6 of the Lair of Beasts
 16995 | Lair:6   | Received a gift from Okawaru
 17237 | Lair:6   | Reached XP level 14. HP: 77/118 MP: 16/22
 17412 | Lair:6   | Reached ****** piety under Okawaru
 17979 | Lair:6   | Noticed a dire elephant
 17994 | Lair:6   | Killed a dire elephant
 18007 | Lair:6   | Reached skill level 15 in Long Blades
 18237 | Lair:6   | Received a gift from Okawaru
 18866 | Lair:6   | Found a staircase to the Slime Pits.
 19195 | Lair:6   | Reached XP level 15. HP: 108/127 MP: 21/24
 19564 | Lair:4   | Reached skill level 15 in Fighting
 19862 | Lair:4   | Reached skill level 16 in Long Blades
 20295 | Lair:2   | Noticed Sonja
 20306 | Lair:2   | Killed Sonja
 20715 | Orc:1    | Entered Level 1 of the Orcish Mines
 20728 | Orc:1    | Noticed Gastronok
 20745 | Orc:1    | Killed Gastronok
 20782 | Orc:1    | Found a roughly hewn altar of Beogh.
 20784 | Orc:1    | Noticed Erolcha
 20795 | Orc:1    | Cast into level 2 of the Abyss (Erolcha)
 20795 | Abyss:2  | Found a corrupted altar of Lugonu.
 20841 | Abyss:2  | Found a corrupted altar of Lugonu.
 20855 | Abyss:2  | Found a corrupted altar of Lugonu.
 20875 | Abyss:2  | Received a gift from Okawaru
 20879 | Abyss:2  | Found a corrupted altar of Lugonu.
 20886 | Abyss:2  | Got a pair of jewelled boots {god gift}
 20893 | Orc:1    | Escaped the Abyss
 20912 | Orc:1    | Killed Erolcha
 21819 | D:12     | Noticed Kirke
 21845 | D:12     | Killed Kirke
 22606 | D:12     | Noticed Josephine
 22629 | D:12     | Killed Josephine
 23320 | D:13     | Received a gift from Okawaru
 23320 | D:13     | Reached XP level 16. HP: 133/137 MP: 23/25
 23321 | D:13     | Got a faintly glowing scimitar {god gift}
 23322 | D:13     | Identified the +3 scimitar of Autumn {holy, rElec Str+2} (Okawaru gifted it to you on level 13 of the Dungeon)
 23413 | D:13     | Found a gate to the Vaults.
 23449 | D:13     | Reached skill level 17 in Long Blades
 23916 | D:14     | Found a basalt altar of Yredelemnul.
 24041 | D:14     | Identified the +0 pair of boots "Qejiexyn" {*Drain rPois Regen+ Dex+7 Stlth-} (Okawaru gifted it to you on level 2 of the Abyss)
 24079 | D:14     | Noticed Urug
 24097 | D:14     | Killed Urug
 24432 | D:14     | Received a gift from Okawaru
 24433 | D:14     | Got a smoking ring mail {god gift}
 24434 | D:14     | Identified the +0 ring mail "Houmopou" {rC+} (Okawaru gifted it to you on level 14 of the Dungeon)
 24490 | D:15     | Entered Level 15 of the Dungeon
 24556 | D:15     | Reached skill level 15 in Shields
 24930 | D:15     | Found a staircase to the Depths.
 25418 | D:15     | Found a basalt altar of Yredelemnul.
 25703 | Orc:2    | Entered Level 2 of the Orcish Mines
 26014 | Orc:2    | Found a staircase to the Elven Halls.
 26661 | Orc:2    | Found a roughly hewn altar of Beogh.
 26768 | Orc:2    | Found Uwaf's Magic Scroll Shoppe.
 26815 | Orc:2    | Bought a scroll of brand weapon for 200 gold pieces
 26819 | Orc:2    | Found Zoodghy's Gadget Shop.
 26951 | Orc:2    | Found Nucyd's Weapon Shop.
 26951 | Orc:2    | Found Geqiuhum's Magic Scroll Shoppe.
 27211 | D:9      | Reached XP level 17. HP: 145/145 MP: 27/27
 27267 | Snake:1  | Entered Level 1 of the Snake Pit
 27286 | Snake:1  | Received a gift from Okawaru
 27352 | Snake:1  | Reached skill level 18 in Long Blades
 27777 | Snake:1  | Noticed Donald
 27809 | Snake:1  | Killed Donald
 28281 | Snake:2  | Noticed Vashnia
 28410 | Snake:2  | Killed Vashnia
 28570 | Snake:2  | Noticed Agnes
 28574 | Snake:2  | Received a gift from Okawaru
 28615 | Snake:2  | Killed Agnes
 28973 | Snake:2  | Noticed Roxanne
 29007 | Snake:2  | Killed Roxanne
 29112 | Snake:2  | Reached skill level 15 in Invocations
 29450 | Snake:3  | Received a gift from Okawaru
 30316 | Snake:3  | Reached XP level 18. HP: 153/154 MP: 27/29
 30550 | Snake:4  | Entered Level 4 of the Snake Pit
 30684 | Snake:4  | Reached skill level 19 in Long Blades
 31341 | Snake:4  | Received a gift from Okawaru
 31419 | Snake:4  | Got a smoking scale mail {god gift}
 31420 | Snake:4  | Identified the +3 scale mail of a Thousand Blessings {Dex+3} (Okawaru gifted it to you on level 4 of the Snake Pit)
 31600 | Snake:4  | Got a serpentine rune of Zot
 31996 | Snake:4  | Found Fudeeq's Distillery.
 32697 | Swamp:1  | Entered Level 1 of the Swamp
 32957 | Swamp:1  | Reached XP level 19. HP: 162/162 MP: 29/31
 33062 | Swamp:1  | Reached skill level 1 in Evocations
 33182 | Swamp:1  | Received a gift from Okawaru
 33432 | D:9      | Bought an uncursed ring of poison resistance for 240 gold pieces
 34436 | Swamp:2  | Noticed a tentacled monstrosity
 34482 | Swamp:2  | Killed a tentacled monstrosity
 34890 | Swamp:2  | Reached skill level 20 in Long Blades
 36064 | Swamp:4  | Entered Level 4 of the Swamp
 36088 | Swamp:4  | Received a gift from Okawaru
 36108 | Swamp:4  | Got a pair of heavily runed boots {god gift}
 36109 | Swamp:4  | Identified the +3 pair of boots of the Villain {rC+} (Okawaru gifted it to you on level 4 of the Swamp)
 37164 | Swamp:4  | Got a decaying rune of Zot
 37361 | Swamp:4  | Reached XP level 20. HP: 152/171 MP: 32/32
 37406 | Swamp:4  | Reached skill level 5 in Evocations
 37975 | Elf:1    | Entered Level 1 of the Elven Halls
 38398 | Elf:1    | Identified the Papyrus of Black Arts
 38569 | Elf:1    | Received a gift from Okawaru
 38593 | Elf:1    | Got a polished triple crossbow {god gift}
 38594 | Elf:1    | Identified the +1 triple crossbow "Agiresh" {elec, Str+4} (Okawaru gifted it to you on level 1 of the Elven Halls)
 38767 | Elf:1    | Found Ruskual's Jewellery Emporium.
 39181 | Elf:1    | Identified the Reference Book on Confrontation
 39380 | Elf:2    | Received a gift from Okawaru
 39518 | Elf:2    | Found a runed gate.
 39518 | Elf:2    | Found a runed gate.
 39518 | Elf:2    | Found a runed gate.
 40235 | Elf:2    | Reached skill level 21 in Long Blades
 40412 | Elf:2    | Reached XP level 21. HP: 161/178 MP: 29/33
 40762 | Elf:3    | Entered Level 3 of the Elven Halls
 40791 | Elf:2    | Received a gift from Okawaru
 41118 | Elf:3    | Found Maihyuff's Book Shop.
 41238 | Elf:3    | Received a gift from Okawaru
 41277 | Elf:3    | Got a bloodstained crystal plate armour {god gift}
 41296 | Elf:3    | Identified the +12 crystal plate armour of Decompression {rElec MR++ Dex+3 SInv} (Okawaru gifted it to you on level 3 of the Elven Halls)
 41455 | Elf:3    | Noticed a Tzitzimitl
 41494 | Elf:3    | Noticed a Tzitzimitl
 41495 | Elf:3    | HP: 8/179 [???[a deep elf demonologist] (5)]
 41496 | Elf:3    | HP: 1/179 [sun demon[a deep elf demonologist] (8)]
 41496 | Elf:3    | Slain by a sun demon

Vault maps used:
D:1:      dpeg_arrival_pond, nemelex_diamond_rough_becter
D:2:      uniq_jessica
D:3:      lemuel_round_altar, lemuel_crystal_altar, nicolae_tso_carved_into_rock
D:4:      eat_drink_and_be_merry_uskayaw, minmay_gold_behind_fungi,
          dk_noncrumbling_2
D:5:      old_forge, enter_ossuary_2, first_bread
D:6:      hangedman_abyss_or_decor_stabs, nicolae_elemental_shop, uniq_pikel
D:7:      lemuel_ice_spiral_2, gammafunk_temple_overflow_pools, demons_altar
D:8:      serial_shops, shop, grunt_pizzeria, abandoned_shop,
          nicolae_dithmenos_the_darkroom
D:9:      david_lair_generic, orc_0_dummy, serial_shops,
          nicolae_shop_statue_plus, grunt_ministairs_9,
          nicolae_gozag_seed_capital, uniq_grum
D:11:     lightli_bailey_entry_fortress, serial_shops, shop, shop, shop, shop,
          uniq_nergalle
D:12:     uniq_kirke, uniq_josephine
D:13:     erik_vaults_2
D:14:     roderic_serpentine_path, basic_altar, minmay_misc_feat_ornament,
          uniq_urug
D:15:     hangedman_depths_entry_civil_slaughter,
          lemuel_mausoleum_altar_yredelemnul
Temple:   zaba_magenta_temple
Lair:2:   swamp_mist, guppyfry_snake_entry_island, infiniplex_staircase_pool_2,
          uniq_sonja
Lair:3:   basic_altar, cheibrodos_lair_caveside_slide, beast_lair_carwin_9
Lair:4:   beast_lair_carwin_large_1, st_stairs_5, lemuel_fruit_tree
Lair:6:   gammafunk_lair_ancient_temple, minmay_slime_entry_pillars,
          serial_bayou_shore_b
Swamp:1:  hangedman_swamp_ruin_hall, swamp_pool4
Swamp:2:  evilmike_swamp_ruin_house_3
Swamp:3:  serial_swamp_ruin, evilmike_swamp_ruin_house_2,
          evilmike_swamp_ruin_wall, evilmike_swamp_ruin_rubble_2
Swamp:4:  swamp
Snake:1:  uniq_donald
Snake:2:  nrook_loot_triangle, uniq_vashnia, uniq_agnes, uniq_roxanne
Snake:4:  snake_pit, serial_shops, nicolae_shop_waterfront, grunt_ministairs_8,
          spider_trap, st_stairs_6, guppyfry_snake_island
Orc:1:    nicolae_orc_accident_2, uniq_gastronok, uniq_erolcha
Orc:2:    st_orc_town, nicolae_orc_tapped_out
Elf:1:    elf_arrival_002, serial_shops, shop, minmay_elf_necromancy,
          abandoned_shop, grunt_ministairs_1,
          nicolae_elf_glass_and_crystal_pillar_2, minmay_elf_annihilation
Elf:3:    minmay_elf_hall_dome, portal_ice_cave_entry_frozen_things,
          serial_shops, shop, minmay_strange_pillars
Ossuary:  ossuary_minmay_scorpions
Bailey:   bailey_polearm_flooded_kennysheep, bailey

Skill      XL: |  1  2  3  4  5  6  7  8  9 10 11 12 13 14 15 16 17 18 19 20 21 |
---------------+----------------------------------------------------------------+-----
Shields        | 4 5 6 7 8 9 10 11 12 13 14 15 16 17 18 | 18.5
Long Blades    | 3 4 5 6 7 9 10 11 13 14 15 16 17 18 19 20 21 | 21.3
Fighting       | 4 5 6 7 8 9 11 13 14 15 16 17 18 | 18.9
Invocations    | 3 5 7 9 10 12 13 14 15 16 17 | 17.8
Evocations     | 4 7 8 |  8.0
Armour         | |  3.2

Action                   |  1- 3 |  4- 6 |  7- 9 | 10-12 | 13-15 | 16-18 | 19-21 || total
-------------------------+-------+-------+-------+-------+-------+-------+-------++-------
Melee: Long sword        |    67 |   168 |   474 |   649 |       |       |       ||  1358
       Falchion          |       |       |       |   522 |  1173 |  2032 |  1933 ||  5660
       Great sword       |       |       |       |       |   191 |    43 |   102 ||   336
       Unarmed           |       |       |       |       |     7 |       |       ||     7
       Double sword      |       |       |       |       |       |    26 |       ||    26
Invok: Heroism           |       |       |       |     8 |    14 |    13 |    12 ||    47
       Finesse           |       |       |       |     1 |     3 |     2 |       ||     6
 Abil: Dig               |       |     2 |     2 |    16 |    21 |    14 |     7 ||    62
       Evoke Flight      |       |       |       |     4 |       |       |       ||     4
       Shaft Self        |       |       |       |     2 |     1 |       |       ||     3
  Use: Scroll            |       |    15 |     9 |     3 |     4 |     3 |     6 ||    40
       Potion            |       |       |     1 |     4 |     4 |     5 |     1 ||    15
 Stab: Distracted        |       |       |       |     1 |       |     1 |       ||     2
       Confused          |       |       |       |       |       |       |     3 ||     3
  Eat: Chunk             |       |     5 |    10 |    28 |    29 |    11 |    26 ||   109
       Fruit             |       |       |     1 |     1 |     2 |     3 |     2 ||     9
       Pizza             |       |       |       |     3 |       |     2 |     1 ||     6
       Royal jelly       |       |       |       |     1 |       |       |     1 ||     2
       Bread ration      |       |       |       |       |       |     4 |       ||     4
Armor: Scale mail        |    29 |    68 |   111 |    28 |       |       |       ||   236
       Chain mail        |       |       |       |   118 |       |       |       ||   118
       Plate armour      |       |       |       |   186 |   437 |   369 |   578 ||  1570
       Skin              |       |       |       |       |       |     5 |       ||     5
       Crystal plate arm |       |       |       |       |       |       |    38 ||    38
Dodge: Dodged            |    20 |    67 |    93 |   167 |   150 |   170 |   234 ||   901
Block: Shield            |    37 |    98 |   216 |    55 |       |       |       ||   406
       Reflection        |       |       |     4 |       |       |       |       ||     4
       Large shield      |       |       |       |   869 |  1016 |  1509 |  1757 ||  5151
       Rpst.: Long sword |     7 |    22 |    34 |    32 |       |       |       ||    95
       Falchion          |       |       |       |    14 |    21 |    31 |    39 ||   105
       Great sword       |       |       |       |       |     8 |     3 |     3 ||    14
